Stoney bob, neutral male scurrid Tourist - ---+-- |......| |<...u@| ..$....| -------- Stoney bob the Rambler Experience level: 1 Strength: 13 Dexterity: 10 Constitution: 14 Intelligence: 16 Wisdom: 7 Charisma: 15 Health: 0(9) Energy: 2(2) Def: 3 Gold: 171 Moves: 103 Dungeon seed: zO3-Z2p13BGWSwQu Game ID: Stoney bob_1528891028 Your Inventory: Coins $ - 171 gold pieces Weapons a - 50 uncursed +2 darts (in quiver) Armor e - an uncursed +0 Hawaiian shirt (being worn) r - an uncursed +0 cloak of protection (being worn) Comestibles b - an uncursed cream pie c - an uncursed chestnut d - 9 uncursed food rations f - an uncursed carrot g - an uncursed pear Scrolls j - 4 uncursed scrolls of magic mapping o - an uncursed scroll of enchant weapon p - an uncursed scroll of scare monster Potions h - an uncursed potion of extra healing i - a blessed potion of extra healing Wands m - an uncursed wand of secret door detection (0:12) Tools k - an uncursed expensive camera (0:63) l - an uncursed credit card n - an uncursed towel q - an uncursed magic whistle Spells and supernatural/magical abilities: Name Level Category Fail Memory W - pray for help -- divine ? -- Your skills at the end: Miscellaneous Skills wands [Basic] Weapon Skills dart [Basic] Spellcasting Skills Final Attributes: You were devoutly aligned. You had infravision. You were very stealthy. You were protected. You are dead. Voluntary challenges: You went without food. You did not adorn yourself with jewelry or accessories. You did not cause conflict. You were not invisible. You did not have reflection. You were not displaced. You were an atheist. You never hit with a wielded weapon. You were a pacifist. You did not use containers. You did not apply a unicorn horn. You did not use plumbed fixtures. You did not drink any magical draughts. You were illiterate. You never genocided any monsters. You never polymorphed an object. You never changed form. You used no wishes. You never split a pudding. You never wrote Elbereth's name. You never violated your personal moral code. Dungeon overview: The Dungeons of Doom: levels 1 to 11 Level 1 a long staircase Level 2 a fountain Level 3 Level 4 Level 5 Level 6 Level 7 a fountain Level 8 Level 9 Level 10 a fountain Level 11 <- You were here History has recorded: On T:1 you entered the Dungeons of Doom to retrieve the Amulet of Yendor! On T:17 you reached level 2 of The Dungeons of Doom. On T:25 you reached level 3 of The Dungeons of Doom. On T:33 you reached level 4 of The Dungeons of Doom. On T:36 you reached level 5 of The Dungeons of Doom. On T:46 you reached level 6 of The Dungeons of Doom. On T:58 you reached level 7 of The Dungeons of Doom. On T:73 you reached level 8 of The Dungeons of Doom. On T:84 you reached level 9 of The Dungeons of Doom. On T:96 you reached level 10 of The Dungeons of Doom. On T:103 you reached level 11 of The Dungeons of Doom. Score breakdown: Gold: 86 ( 8 points) Experience: 1 level ( 0 points) Exploration: 11 levels ( 300 points) Discoveries: 4 items ( 200 points) Variety of kills: 0 monsters ( 0 points) Major goal: (nothing yet) ( 0 points) Survival: died (score multiplied by 3) Total score: 1524 Latest messages: You start equipping your opera cloak. You are now wearing an opera cloak. You start digging downward. You continue digging downward. You dig a pit in the floor. You continue digging downward. (3x) You hear some noises in the distance. You continue digging downward. (3x) You dig a hole through the floor. You fall through... You hear a jackal howling at the moon. You start digging downward. You continue digging downward. You dig a pit in the floor. You continue digging downward. (7x) You dig a hole through the floor. You fall through... You see here 9 rocks. The white unicorn butts! The white unicorn kicks! You start digging downward. The white unicorn butts! You die... Final status: Aloha Stoney bob the Tourist, killed by a white unicorn... You died in The Dungeons of Doom on dungeon level 11 with 1524 points, and 171 pieces of gold, after 103 moves. You were level 1 with a maximum of 9 hit points when you died.